 Dungeon Crawl Stone Soup version 0.28-a0-1518-gbe868bca14 (webtiles) character file.

Game seed: 6486745938391458829

236 Nattfarinn the Skirmisher (level 6, -2/49 HPs)
             Began as a Djinni Wanderer on Jan 17, 2022.
             Frozen to death by an endoplasm (4 damage)
             ... on level 2 of the Dungeon.
             The game lasted 00:05:23 (3432 turns).

Nattfarinn the Skirmisher (Djinni Wanderer)         Turns: 3432, Time: 00:05:23

Health: -2/49      AC:  2    Str:  9    XL:     6   Next: 27%
Gold:   119        EV: 11    Int: 17    God:
                   SH:  0    Dex: 13

rFire   + + .      SeeInvis .   j - +0 dagger (venom)
rCold   x . .      Faith    .   (no shield)
rNeg    . . .      Spirit   .   c - +0 robe
rPois   ∞          Reflect  .   (no helmet)
rElec   .          Harm     .   (no cloak)
rCorr   .          Rampage  .   (no gloves)
Will    .....                   (boots unavailable)
Stlth   +.........              (no amulet)
HPRegen 0.16/turn               (no ring)
MPRegen 0.00/turn               (no ring)

@: about to teleport, flying
A: sickness immunity, fire resistance 2, cold vulnerability 1, float, innate
caster, hp casting, extra vitality 1
a: no special abilities


You were on level 2 of the Dungeon.
You visited 1 branch of the dungeon, and saw 3 of its levels.

You collected 119 gold pieces.

Inventory:

Hand Weapons
 a - a +0 dagger
 j - a +0 dagger of venom (weapon)
Missiles
 b - 21 poisoned darts
Armour
 c - a +0 robe (worn)
Wands
 m - a wand of iceblast (5)
Scrolls
 e - a scroll of magic mapping {unknown}
 i - a scroll of amnesia {unknown}
 l - a scroll of teleportation
Potions
 d - a potion of heal wounds {unknown}
 f - a potion of brilliance {unknown}
 g - a potion of resistance {unknown}
 h - a potion of attraction {unknown}
 k - a potion of flight {unknown}


   Skills:
 * Level 5.1 Fighting
 - Level 1.0 Throwing
 - Level 1.1 Dodging
 + Level 4.1 Spellcasting
 - Level 1.0 Invocations


You couldn't memorise any spells.
You knew the following spells:

 Your Spells              Type           Power      Damage    Failure   Level
a - Foxfire               Conj/Fire      68%        2x1d7     2%          1
b - Scorch                Fire           34%        2d7       4%          2
c - Inner Flame           Hex/Fire       17%        N/A       9%          3
d - Beastly Appendage     Tmut           34%        N/A       2%          1
e - Spider Form           Tmut/Pois      17%        N/A       9%          3
f - Freeze                Ice            68%        1d8       2%          1
g - Poisonous Vapours     Pois/Air       34%        N/A       4%          2

Your spell library contained the following spells:

 Spells                   Type           Power      Damage    Failure   Level


Dungeon Overview and Level Annotations

Branches:
Dungeon (3/15)

Altars:
Trog


Innate Abilities, Weirdness & Mutations

You are immune to sickness and miasma.
You are immune to poison.
Your flesh is very heat resistant. (rF++)
You are vulnerable to cold. (rC-)
You float through the air rather than walking.
You learn spells naturally, not from books.
Your magical power is your life essence.
You have superior vitality. (+4 MHP)


Message History

You kill the adder!
The endoplasm hits you but does no damage.
Casting: Scorch (safe; 4% risk of failure)
Confirm with . or Enter, or press ? or * to list all spells.
Flames lash the giant cockroach.
You kill the giant cockroach!
The endoplasm hits you.
Casting: Scorch (safe; 4% risk of failure)
Confirm with . or Enter, or press ? or * to list all spells.
Flames lash the orc.
The orc is heavily wounded.
The orc's fire resistance burns away.
* * * LOW HITPOINT WARNING * * *
The hobgoblin is no longer more vulnerable to fire.
The endoplasm freezes you.
You are frozen.
You feel a terrible chill!
* * * LOW HITPOINT WARNING * * *
Casting: Scorch (safe; 4% risk of failure)
Confirm with . or Enter, or press ? or * to list all spells.
Flames lash the endoplasm.
You kill the endoplasm!
* * * LOW HITPOINT WARNING * * *
The endoplasm freezes you.
You are frozen.
You feel a terrible chill!
* * * LOW HITPOINT WARNING * * *
The orc is no longer more vulnerable to fire.
There is a stone staircase leading up here.
The endoplasm hits you.
* * * LOW HITPOINT WARNING * * *
You fly upwards.
There is a stone staircase leading down here.
The endoplasm freezes you.
You are frozen.
You feel a terrible chill!
* * * LOW HITPOINT WARNING * * *
The endoplasm's inner flame fades away.
As you read the scroll labelled JEMOSTO FANO, it crumbles to dust.
You feel strangely unstable.
It was a scroll of teleportation.
The endoplasm freezes you.
You are frozen.
You feel a terrible chill!
You die...

#.## #.#####.........# †##
#.###...........#
######.#...##.##########
.........####..##......##
######.### ##..........##
.## #.#### ##..........#
#.## #....### #..........#
.#.###.##...###..........#
..#.##.####.....@J......>#
...#.#..# #####..........#
....#...### ##........##
.....#....## ##........##
.......##..# #..........#
##.#######.# #..........#
##.# #.# #........>.# ##.#
#.# #..........# .#.# #.#
#..........#


You could see an endoplasm.

Vanquished Creatures
  4 orc priests (D:3)
  Robin (D:2)
  3 adders
  A worm (D:2)
  A dart slug (D:1)
  2 orcs (D:3)
  7 bats
  7 endoplasms
  2 giant cockroaches
  17 goblins
  5 hobgoblins
  2 jackals (D:2)
  4 quokkas
  4 ball pythons
  4 frilled lizards
  2 kobolds (D:1)
  2 rats (D:1)
68 creatures vanquished.

Vanquished Creatures (others)
  284 foxfires
284 creatures vanquished.

Grand Total: 352 creatures vanquished

Notes
Turn   | Place    | Note
-------+----------+-------------------------------------------
     0 | D:1      | Nattfarinn the Djinni Wanderer began the quest for the Orb.
     0 | D:1      | Reached XP level 1. HP: 18/18 MP: 0/0
   219 | D:1      | Reached XP level 2. HP: 10/24 MP: 0/0
   986 | D:1      | Reached XP level 3. HP: 28/29 MP: 0/0
   986 | D:1      | Learned a level 1 spell: Freeze
  1113 | D:1      | Reached skill level 3 in Fighting
  1777 | D:2      | Noticed Robin
  1778 | D:2      | Reached XP level 4. HP: 28/35 MP: 0/0
  1781 | D:2      | Killed Robin
  2721 | D:3      | Reached skill level 4 in Fighting
  2759 | D:3      | Found a bloodstained altar of Trog.
  2879 | D:3      | Reached XP level 5. HP: 28/41 MP: 0/0
  2879 | D:3      | Learned a level 2 spell: Poisonous Vapours
  3000 | D:3      | Reached XP level 6. HP: 8/49 MP: 0/0
  3269 | D:3      | Reached skill level 5 in Fighting
  3428 | D:2      | HP: 1/49 [frozen (6)]
  3432 | D:2      | Frozen to death by an endoplasm

Illustrated notes

Levels and vault maps discovered:
D:1:      dpeg_arrival_rhombi, layout_loops_ring, grunt_decor_fettered
D:2:      wad_pebble_path, layout_rooms, uniq_robin
D:3:      layout_basic, bloody_trog

Skill      XL: |  1  2  3  4  5  6 |
---------------+-------------------+-----
Fighting       | 3 4 5 |  5.1
Spellcasting   | 4 |  4.1
Throwing       | |  1.0
Dodging        | |  1.1
Invocations    | |  1.0

Action                   |  1- 3 |  4- 6 || total
-------------------------+-------+-------++-------
Melee: Dagger            |       |     3 ||     3
Throw: Dart              |     4 |       ||     4
 Cast: Foxfire           |    93 |    93 ||   186
       Inner Flame       |       |     7 ||     7
       Scorch            |       |     9 ||     9
  Use: Scroll            |       |     1 ||     1
Armor: Robe              |       |     4 ||     4
Dodge: Dodged            |       |     9 ||     9

Table legend: (Time is in decaauts)
 A = Elapsed time spent in this place.
 B = Non-inter-level travel time spent in this place.
 C = Inter-level travel time spent in this place.
 D = Time resting spent in this place.
 E = Time spent auto-exploring this place.
 F = Levels seen in this place.
 G = Mean time per level.
                   A        B        C        D        E       F      G
               +--------+--------+--------+--------+--------+-----+--------+
         Total |   3432 |   3330 |    102 |    223 |   2706 |   3 | 1144.0 |
       Dungeon |   3432 |   3330 |    102 |    223 |   2706 |   3 | 1144.0 |
               +--------+--------+--------+--------+--------+-----+--------+

Top non-repeatable levels by time:
     D:1: 1601 daAuts
     D:2: 1311 daAuts
     D:3: 519 daAuts
